Unix NetHack Version 5.0.0-0 post-release - last build Jun 10 2026 00:39:30 (3ee93aec679c4c4259841fe613dc97188e26a321,branch:main).

Game began 2026-07-07 13:50:27, ended 2026-07-07 14:02:47.

DaveT, lawful male human Priest

                                        ----------          -------------
                                        |....:...|          |..........>|
               --------------           |.........#         |...........|
              #.............|           |........|####      |...........|
              #|............|           |........|   #      |...........|
             ##|............|           |........|   #      |...........|
  -------    # |.............#          -------|--   #      --.----------
  |......##### |............|##             ####     #        #
  |.....|      --.----------- ###         ###        ##       #
  |.....|        ###################      #           #       ####
  |.....|                       ## ########           #          #
  -------                        #      ##################       #
                                 #  #####             # -.-----|-.--
                     ----        ##-.------------     # |......(...|
                     |..|   $     #|............|     ##...........|
                     |$..#@###    #|........:.<.|       |..........|
                     ----         #|..........{.|       |..........|
                                  #-............|       |.`........|
                                   --------------       --|---------
                                                          #
DaveT the Acolyte            St:14 Dx:12 Co:15 In:11 Wi:15 Ch:12  Lawful
Dlvl:5  $:0  HP:43(43) Pw:31(31) AC:8  Xp:4 T:2658 

Latest messages:
 "Most likely all your gold was stolen from this vault."
 "Please drop that gold and follow me."
 There is nothing here to pick up.
 Your wallet contains 2512 zorkmids.
 What do you want to drop? [$a-hjkmnqtuwxA-D or ?*] $
 You drop 2512 gold pieces.
 Suddenly, the guard disappears.  newsym: attempting screen update for <0,0>
 Program in disorder!  (Saving and reloading may fix this problem.)
 Please report these messages to devteam@nethack.org.
 Alternatively, contact local support: email nethack@alt.org
 newsym: attempting screen update for <0,0>
 Program in disorder!  (Saving and reloading may fix this problem.)
 Please report these messages to devteam@nethack.org.
 Alternatively, contact local support: email nethack@alt.org
 newsym: attempting screen update for <0,0>
 Program in disorder!  (Saving and reloading may fix this problem.)
 Please report these messages to devteam@nethack.org.
 Alternatively, contact local support: email nethack@alt.org
 Really save? [yn] (n) y
 Saving...
 Restoring save file...
 Hello DaveT, the human Priest, welcome back to NetHack!
 newsym: attempting screen update for <0,0>
 Program in disorder!  (Saving and reloading may fix this problem.)
 Please report these messages to devteam@nethack.org.
 Alternatively, contact local support: email nethack@alt.org
 newsym: attempting screen update for <0,0>
 Program in disorder!  (Saving and reloading may fix this problem.)
 Please report these messages to devteam@nethack.org.
 Alternatively, contact local support: email nethack@alt.org
 newsym: attempting screen update for <0,0>
 Program in disorder!  (Saving and reloading may fix this problem.)
 Please report these messages to devteam@nethack.org.
 Alternatively, contact local support: email nethack@alt.org
 What do you want to drink? [dm or ?*] #
 You don't have that object.
 What do you want to drink? [dm or ?*] <space>
 Never mind.
 newsym: attempting screen update for <0,0>
 Program in disorder!  (Saving and reloading may fix this problem.)
 Please report these messages to devteam@nethack.org.
 Alternatively, contact local support: email nethack@alt.org
 Really quit without saving? [yn] (n) y
 Do you want your possessions identified? [ynq] (y) q

Inventory:
 Weapons  (')')
  j - 11 +0 darts (at the ready)
  q - a +0 orcish dagger
  a - a blessed rusty +1 mace (weapon in right hand)
 Armor    ('[')
  c - a +0 small shield (being worn)
  b - a burnt +0 robe (being worn)
 Comestibles  ('%')
  e - a clove of garlic
  f - a sprig of wolfsbane
 Scrolls  ('?')
  C - 2 scrolls of blank paper
  D - a cursed scroll of blank paper
  A - a scroll of destroy armor
  x - a cursed scroll of remove curse
 Spellbooks  ('+')
  g - a spellbook of detect monsters
  u - a spellbook of detect monsters
  h - a spellbook of extra healing
 Potions  ('!')
  m - 3 potions of healing
  d - 4 potions of holy water
 Wands    ('/')
  n - a wand of digging (0:0)
 Tools    ('(')
  w - a cursed leather drum
  k - a cursed wooden harp
  B - a tin whistle
 Gems/Stones  ('*')
  t - a chrysoberyl stone

DaveT the Priest's attributes:

Background:
 You were an Acolyte, a level 4 human Priest.
 You were lawful, on a mission for Blind Io
 who was opposed by The Lady (neutral) and Offler (chaotic).
 You were right-handed.
 You were in the Dungeons of Doom, on level 5.
 You entered the dungeon 2658 turns ago.
 You had 144 experience points, 16 more were needed to attain level 5.

Basics:
 You had all 43 hit points.
 You had all 31 energy points (spell power).
 Your armor class was 8.
 Your wallet was empty.
 Autopickup was off.

Final Characteristics:
 Your strength was 14 (limit:18/100).
 Your dexterity was 12 (limit:18).
 Your constitution was 15 (limit:18).
 Your intelligence was 11 (limit:18).
 Your wisdom was 15 (limit:18).
 Your charisma was 12 (limit:18).

Final Status:
 You weren't hungry.
 You were unencumbered.
 You were wielding a mace.
 You had basic skill with mace and could have enhanced that.

Final Attributes:
 You were piously aligned.
 You were telepathic.
 You were guarded.
 Your spell casting was enhanced by wearing a robe.
 You survived.

Miscellaneous:
 You didn't encounter any bones levels.
 Total elapsed playing time was 12 minutes and 17 seconds.

Major events:
 Turn
    1: DaveT the lawful human Priest entered the dungeon
  902: attained the rank of Acolyte (level 3)
 1843: entered the Gnomish Mines
 2658: quit

Spells:
 Name                 Level Category     Fail Retention
 detect monsters        1   divination     0%  76%-100%
 extra healing          3   healing       93%  76%-100%

Skills:
 Fighting Skills
   bare handed combat [Unskilled]
 Weapon Skills
   club               [Unskilled]
   mace               [Basic]
   morning star       [Unskilled]
   flail              [Unskilled]
   hammer             [Unskilled]
   quarterstaff       [Unskilled]
   polearms           [Unskilled]
   spear              [Unskilled]
   trident            [Unskilled]
   lance              [Unskilled]
   bow                [Unskilled]
   sling              [Unskilled]
   crossbow           [Unskilled]
   dart               [Unskilled]
   shuriken           [Unskilled]
   boomerang          [Unskilled]
   unicorn horn       [Unskilled]
 Spellcasting Skills
   healing spells     [Unskilled]
   divination spells  [Unskilled]
   clerical spells    [Basic]

Voluntary challenges:
 Character rerolling was not enabled.
 You never genocided any monsters.
 You never polymorphed an object.
 You never changed form.
 You used no wishes.
Achievements:
 You attained the rank of Acolyte.
 You entered a shop.
 You entered the Gnomish Mines.

 The Dungeons of Doom: levels 1 to 6
    Level 1:
    Level 2:
    Level 3:
       A weapon shop, a fountain.
    Level 4:
       Some fountains.
       Stairs down to The Gnomish Mines.
    Level 5: <- You were here.
       A fountain.
    Level 6:
 The Gnomish Mines:
    Level 5:


Vanquished creatures:
  2 rock piercers
  a paper golem
  a floating eye
  a monkey
  a wererat
  2 iguanas
  a coyote
  a large kobold
  3 cave spiders
  2 yellow molds
  a green mold
  2 geckos
  6 jackals
  2 foxes
  2 kobolds
  a sewer rat
  a grid bug
  4 lichens
  a kobold zombie
  8 newts
43 creatures vanquished.

No species were genocided or became extinct.

Goodbye DaveT the Priest...

You quit in The Dungeons of Doom on dungeon level 5 with 886 points,
and 0 pieces of gold, after 2658 moves.
You were level 4 with a maximum of 43 hit points when you quit.

